SA
WASHINGTON GENERALS @ SYRACUSE STORM
05/27/2024
 
TOP OF THE 1ST
Syracuse Storm batting - Pitching for Put-In-Bay BC : RHP Frye Bacon
Pitching: RHP Frye Bacon
Batting: RHB Jorge López 0-0: Swinging Strike
0-1: Ball
1-1: Foul Ball, location: 2F
1-2: Strikes out looking
Batting: RHB Jim Unknown 0-0: Called Strike
0-1: Ball
1-1: Ball
2-1: Ground out 5-3 (Groundball, 56)
Batting: RHB Chi-hyeong Ho 0-0: Ball
1-0: SINGLE (Groundball, 6M)
Batting: RHB Philip Schooten 0-0: Ball
Chi-hyeong Ho steals 2nd base
1-0: Foul Ball, location: 2F
1-1: Ball
2-1: Foul Ball, location: 2F
2-2: Foul Ball, location: 2F
2-2: Foul Ball, location: 2F
2-2: Strikes out swinging
Top of the 1st over - 0 run(s), 1 hit(s), 0 error(s), 1 left on base; Syracuse 0 - Put-In-Bay 0
BOTTOM OF THE 1ST
Put-In-Bay BC batting - Pitching for Syracuse Storm : RHP Jim Unknown
Pitching: RHP Jim Unknown
Batting: RHB José Gómez 0-0: SINGLE (Groundball, 34D) (infield hit)
Batting: RHB Ron Johnston 0-0: Ball
1-0: Ball
2-0: Called Strike
2-1: Called Strike
2-2: Fly out, F8 (Flyball, 8LXD)
Batting: RHB Barton Nagel 0-0: Foul Ball, location: 2F
0-1: Ball
1-1: Called Strike
1-2: Ball
2-2: Strikes out swinging
Batting: SHB Albert Sánchez Pickoff Throw to First - Error! E1
José Gómez to second
0-0: Foul Ball, location: 2F
0-1: Foul Ball, location: 2F
0-2: Strikes out swinging
Bottom of the 1st over - 0 run(s), 1 hit(s), 1 error(s), 1 left on base; Syracuse 0 - Put-In-Bay 0
TOP OF THE 2ND
Syracuse Storm batting - Pitching for Put-In-Bay BC : RHP Frye Bacon
Batting: RHB Sung-min Pae 0-0: Called Strike
0-1: Swinging Strike
0-2: Ball
1-2: Strikes out swinging
Batting: LHB Braxton Mosley 0-0: Called Strike
0-1: Called Strike
0-2: Ball
1-2: Strikes out swinging
Batting: SHB John Clayton 0-0: Ball
1-0: Fly out, F7 (Flyball, 78M)
Top of the 2nd over - 0 run(s), 0 hit(s), 0 error(s), 0 left on base; Syracuse 0 - Put-In-Bay 0
BOTTOM OF THE 2ND
Put-In-Bay BC batting - Pitching for Syracuse Storm : RHP Jim Unknown
Batting: RHB Haechan Han 0-0: Ball
1-0: Fly out, F6 (Popup, 6D)
Batting: SHB Francisco Pérez 0-0: Ground out 3-1 (Groundball, 34)
Batting: RHB Jesús Ortíz 0-0: Ball
1-0: Foul Ball, location: 2F
1-1: Called Strike
1-2: Ball
2-2: Foul Ball, location: 2F
2-2: Strikes out swinging
Bottom of the 2nd over - 0 run(s), 0 hit(s), 0 error(s), 0 left on base; Syracuse 0 - Put-In-Bay 0
TOP OF THE 3RD
Syracuse Storm batting - Pitching for Put-In-Bay BC : RHP Frye Bacon
Batting: SHB Jeff Cornelis 0-0: Called Strike
0-1: Ball
1-1: Swinging Strike
1-2: Strikes out swinging
Batting: RHB Jim Unknown 0-0: Ball
1-0: Swinging Strike
1-1: Called Strike
1-2: Reached on error, E3 (Groundball, 3)
Batting: RHB Jorge López 0-0: Ball
1-0: Ball
2-0: Called Strike
2-1: Called Strike
2-2: Foul Ball, location: 2F
2-2: Foul Ball, location: 2F
2-2: Ball
Wild Pitch!
Jim Unknown to second
3-2: Ground out 1-3 (Groundball, 15)
Batting: RHB Jim Unknown 0-0: Foul Ball, location: 2F
0-1: Fly out, F7 (Line Drive, 7D)
Top of the 3rd over - 0 run(s), 0 hit(s), 1 error(s), 1 left on base; Syracuse 0 - Put-In-Bay 0
BOTTOM OF THE 3RD
Put-In-Bay BC batting - Pitching for Syracuse Storm : RHP Jim Unknown
Batting: RHB Jeff Cunningham 0-0: SINGLE (Flyball, 8LS)
Batting: LHB Greg Gross 0-0: Ball
1-0: Foul Ball, location: 2F
1-1: Swinging Strike
1-2: Strikes out looking
Batting: RHB José Gómez 0-0: Foul Ball, location: 2F
0-1: Ball
1-1: Swinging Strike
1-2: Ball
2-2: Strikes out looking
Batting: RHB Ron Johnston 0-0: Called Strike
0-1: Called Strike
0-2: Ball
1-2: Ball
2-2: Ball
3-2: Ground out 4-3 (Groundball, 4)
Bottom of the 3rd over - 0 run(s), 1 hit(s), 0 error(s), 1 left on base; Syracuse 0 - Put-In-Bay 0
TOP OF THE 4TH
Syracuse Storm batting - Pitching for Put-In-Bay BC : RHP Frye Bacon
Batting: RHB Chi-hyeong Ho 0-0: Ball
1-0: Ball
2-0: Called Strike
2-1: Foul Ball, location: 2F
2-2: Strikes out swinging
Batting: RHB Philip Schooten 0-0: Foul Ball, location: 2F
0-1: Fly out, F9 (Flyball, 9LM)
Batting: RHB Sung-min Pae 0-0: Called Strike
0-1: Foul Ball, location: 2F
0-2: Ball
1-2: Fly out, F9 (Flyball, 89M)
Top of the 4th over - 0 run(s), 0 hit(s), 0 error(s), 0 left on base; Syracuse 0 - Put-In-Bay 0
BOTTOM OF THE 4TH
Put-In-Bay BC batting - Pitching for Syracuse Storm : RHP Jim Unknown
Batting: RHB Barton Nagel 0-0: Ball
1-0: Foul Ball, location: 2F
1-1: Called Strike
1-2: SINGLE (Line Drive, 5D)
Batting: SHB Albert Sánchez 0-0: Ball
1-0: Called Strike
1-1: Called Strike
1-2: Foul Ball, location: 2F
1-2: Strikes out swinging
Batting: RHB Haechan Han 0-0: Called Strike
0-1: Called Strike
0-2: SINGLE (Flyball, 7S)
Barton Nagel to second
Batting: SHB Francisco Pérez 0-0: SINGLE (Groundball, 34D)
Barton Nagel to third
Haechan Han to second
Runner from 3rd tries for Home, SAFE, no throw or cutoff
Batting: RHB Jesús Ortíz 0-0: Swinging Strike
0-1: Called Strike
0-2: Ball
1-2: Strikes out swinging
Batting: RHB Jeff Cunningham 0-0: Ball
1-0: Ground out 6-3 (Groundball, 6)
Bottom of the 4th over - 1 run(s), 3 hit(s), 0 error(s), 2 left on base; Syracuse 0 - Put-In-Bay 1
TOP OF THE 5TH
Syracuse Storm batting - Pitching for Put-In-Bay BC : RHP Frye Bacon
Batting: LHB Braxton Mosley 0-0: Foul Ball, location: 2F
0-1: Swinging Strike
0-2: Foul Ball, location: 2F
0-2: Ball
1-2: Fly out, F8 (Flyball, 78M)
Batting: SHB John Clayton 0-0: SINGLE (Line Drive, 78S)
Batting: SHB Jeff Cornelis 0-0: Ball
1-0: Ball
2-0: Fly out, F7 (Flyball, 78M)
Batting: RHB Jim Unknown 0-0: Foul Ball, location: 2F
0-1: Ground out 6-3 (Groundball, 6)
Top of the 5th over - 0 run(s), 1 hit(s), 0 error(s), 1 left on base; Syracuse 0 - Put-In-Bay 1
BOTTOM OF THE 5TH
Put-In-Bay BC batting - Pitching for Syracuse Storm : RHP Jim Unknown
Batting: LHB Greg Gross 0-0: Foul Ball, location: 2F
0-1: Foul Ball, location: 2F
0-2: Ball
1-2: Strikes out looking
Batting: RHB José Gómez 0-0: Ball
1-0: Called Strike
1-1: Fly out, F2 (Popup, 2LF)
Batting: RHB Ron Johnston 0-0: Foul Ball, location: 2F
0-1: Swinging Strike
0-2: Ball
1-2: Ground out 5-3 (Groundball, 5)
Bottom of the 5th over - 0 run(s), 0 hit(s), 0 error(s), 0 left on base; Syracuse 0 - Put-In-Bay 1
TOP OF THE 6TH
Syracuse Storm batting - Pitching for Put-In-Bay BC : RHP Frye Bacon
Batting: RHB Jorge López 0-0: Ball
1-0: Foul Ball, location: 2F
1-1: Foul Ball, location: 2F
1-2: Fly out, F8 (Flyball, 8LD)
Batting: RHB Jim Unknown 0-0: Called Strike
0-1: Ball
1-1: Ball
2-1: Ball
3-1: Ground out 4-3 (Groundball, 4M)
Batting: RHB Chi-hyeong Ho 0-0: Fly out, F6 (Popup, 6M)
Top of the 6th over - 0 run(s), 0 hit(s), 0 error(s), 0 left on base; Syracuse 0 - Put-In-Bay 1
BOTTOM OF THE 6TH
Put-In-Bay BC batting - Pitching for Syracuse Storm : RHP Jim Unknown
Batting: RHB Barton Nagel 0-0: Foul Ball, location: 2F
0-1: Ground out 5-3 (Groundball, 56)
Batting: SHB Albert Sánchez 0-0: Ball
1-0: Called Strike
1-1: Swinging Strike
1-2: DOUBLE (Line Drive, 9LM)
Batting: RHB Haechan Han 0-0: Ball
1-0: Ball
2-0: Ball
3-0: Called Strike
3-1: Fly out, F8 (Flyball, 8LM)
Batting: SHB Francisco Pérez 0-0: Ball
1-0: Called Strike
1-1: Foul Ball, location: 2F
1-2: Strikes out swinging
Bottom of the 6th over - 0 run(s), 1 hit(s), 0 error(s), 1 left on base; Syracuse 0 - Put-In-Bay 1
TOP OF THE 7TH
Syracuse Storm batting - Pitching for Put-In-Bay BC : RHP Frye Bacon
Batting: RHB Philip Schooten 0-0: Ground out 1-3 (Groundball, 34S)
Batting: RHB Sung-min Pae 0-0: Called Strike
0-1: Foul Ball, location: 2F
0-2: Ball
1-2: Reached on error, E5 (Groundball, 5)
Batting: LHB Braxton Mosley 0-0: Ball
1-0: Ball
2-0: Foul Ball, location: 2F
2-1: Foul Ball, location: 2F
2-2: Fly out, F8 (Flyball, 8LM)
Batting: SHB John Clayton 0-0: Ball
Sung-min Pae steals 2nd base
1-0: Ball
2-0: Called Strike
2-1: Called Strike
2-2: SINGLE (Groundball, 4MD)
Sung-min Pae to third
Runner from 3rd tries for Home, SAFE, no throw or cutoff
Pinch Hitting: RHB Mike Brown 0-0: Ground out 5-3 (Groundball, 5L)
Top of the 7th over - 1 run(s), 1 hit(s), 1 error(s), 1 left on base; Syracuse 1 - Put-In-Bay 1
BOTTOM OF THE 7TH
Put-In-Bay BC batting - Pitching for Syracuse Storm : RHP Jim Unknown
Now at 1B: Mike Brown
Batting: RHB Jesús Ortíz 0-0: Called Strike
0-1: SINGLE (Line Drive, 5D)
Batting: RHB Jeff Cunningham 0-0: Sac Bunt - play at first, batter OUT! 5-3
Jesús Ortíz to second
Pinch Hitting: LHB Dale Miller 0-0: Intentional Walk
Pinch Hitting: LHB Jim Unknown 0-0: Fly out, F9 (Flyball, 9M)
Batting: RHB Ron Johnston 0-0: Ball
1-0: Swinging Strike
1-1: Foul Ball, location: 2F
1-2: Strikes out swinging
Bottom of the 7th over - 0 run(s), 1 hit(s), 0 error(s), 2 left on base; Syracuse 1 - Put-In-Bay 1
TOP OF THE 8TH
Syracuse Storm batting - Pitching for Put-In-Bay BC : RHP Frye Bacon
Now at 2B: Álex Gutiérrez
Now in RF: Jim Unknown
Batting: RHB Jim Unknown 0-0: Foul Ball, location: 2F
0-1: Ball
1-1: Swinging Strike
1-2: Foul Ball, location: 2F
1-2: Strikes out swinging
Batting: RHB Jorge López 0-0: Ball
1-0: Ball
2-0: Called Strike
2-1: Foul Ball, location: 2F
2-2: Strikes out swinging
Batting: RHB Jim Unknown 0-0: Foul Ball, location: 2F
0-1: Ball
1-1: Ball
2-1: Called Strike
2-2: Ball
3-2: Foul Ball, location: 2F
3-2: Ground out 6-3 (Groundball, 6)
Top of the 8th over - 0 run(s), 0 hit(s), 0 error(s), 0 left on base; Syracuse 1 - Put-In-Bay 1
BOTTOM OF THE 8TH
Put-In-Bay BC batting - Pitching for Syracuse Storm : RHP Jim Unknown
Pinch Hitting: LHB Miguel Archuleta 0-0: Called Strike
0-1: Ball
1-1: Swinging Strike
1-2: Ball
2-2: Foul Ball, location: 2F
2-2: Ground out U3 (Groundball, 3)
Pinch Hitting: SHB Jim Unknown 0-0: Ball
1-0: Ball
2-0: Ball
3-0: Called Strike
3-1: Called Strike
3-2: Base on Balls
Pinch Hitting: LHB Héctor Gonzáles 0-0: Ball
Jim Unknown steals 2nd base
1-0: Intentional Walk
Pitching: RHP Juan Ríos
Batting: SHB Francisco Pérez 0-0: Called Strike
0-1: Ball
1-1: Foul Ball, location: 2F
1-2: Foul Ball, location: 2F
1-2: Strikes out swinging
Batting: RHB Jesús Ortíz 0-0: Ball
1-0: Fly out, F7 (Flyball, 78M)
Bottom of the 8th over - 0 run(s), 0 hit(s), 0 error(s), 2 left on base; Syracuse 1 - Put-In-Bay 1
TOP OF THE 9TH
Syracuse Storm batting - Pitching for Put-In-Bay BC : RHP Frye Bacon
Pitching: RHP Jim Unknown
Now at 1B: Jorge Suárez
Now at SS: Truman Warner
Now in RF: Jim Unknown
Batting: RHB Chi-hyeong Ho 0-0: Foul Ball, location: 2F
0-1: Fly out, F9 (Flyball, 9M)
Batting: RHB Philip Schooten 0-0: Called Strike
0-1: Foul Ball, location: 2F
0-2: Strikes out looking
Batting: RHB Sung-min Pae 0-0: Ball
1-0: Swinging Strike
1-1: Ball
2-1: Foul Ball, location: 2F
2-2: Strikes out swinging
Top of the 9th over - 0 run(s), 0 hit(s), 0 error(s), 0 left on base; Syracuse 1 - Put-In-Bay 1
BOTTOM OF THE 9TH
Put-In-Bay BC batting - Pitching for Syracuse Storm : RHP Juan Ríos
Pitching: RHP Jon Schultz
Pinch Hitting: LHB Felipe Martínez 0-0: Called Strike
0-1: Fly out, F9 (Flyball, 89D)
Batting: SHB Álex Gutiérrez 0-0: Foul Ball, location: 2F
0-1: Foul Ball, location: 2F
0-2: Fly out, F9 (Flyball, 89M)
Batting: LHB Jim Unknown 0-0: Swinging Strike
0-1: Foul Ball, location: 2F
0-2: Strikes out swinging
Bottom of the 9th over - 0 run(s), 0 hit(s), 0 error(s), 0 left on base; Syracuse 1 - Put-In-Bay 1
TOP OF THE 10TH
Syracuse Storm batting - Pitching for Put-In-Bay BC : RHP Jim Unknown
Now at C: Felipe Martínez
Batting: LHB Braxton Mosley 0-0: Ball
1-0: Ball
2-0: Foul Ball, location: 2F
2-1: Ball
3-1: Called Strike
3-2: SOLO HOME RUN (Flyball, 89XD), Distance : 415 ft
Batting: SHB John Clayton 0-0: Ball
1-0: SINGLE (Flyball, 8RS)
Batting: RHB Mike Brown 0-0: Sac Bunt - play at first, batter OUT! 1-3
John Clayton to second
Batting: RHB Jim Unknown 0-0: Intentional Walk
Batting: RHB Jorge López 0-0: Ball
1-0: Called Strike
1-1: SINGLE (Line Drive, 7S)
John Clayton to third
Jim Unknown to second
Runner from 3rd tries for Home, SAFE, no throw or cutoff
Batting: RHB Jim Unknown 0-0: Reached on error, E6 (Groundball, 6)
Jim Unknown to third
Jorge López to second
Batting: RHB Chi-hyeong Ho 0-0: Ball
1-0: Grounds into fielders choice 1-2 (Groundball, 15)
Jorge López to third
Jim Unknown to second
Batting: RHB Philip Schooten 0-0: Foul Ball, location: 2F
0-1: Ground out 1-3 (Groundball, 13)
Top of the 10th over - 2 run(s), 3 hit(s), 1 error(s), 3 left on base; Syracuse 3 - Put-In-Bay 1
BOTTOM OF THE 10TH
Put-In-Bay BC batting - Pitching for Syracuse Storm : RHP Jon Schultz
Batting: RHB Ron Johnston 0-0: Called Strike
0-1: Called Strike
0-2: Ball
1-2: Foul Ball, location: 2F
1-2: Ball
2-2: Strikes out swinging
Batting: RHB Jorge Suárez 0-0: Called Strike
0-1: Swinging Strike
0-2: Ball
1-2: Foul Ball, location: 2F
1-2: Ball
2-2: Foul Ball, location: 2F
2-2: Fly out, F7 (Flyball, 78M)
Batting: SHB Jim Unknown 0-0: Ball
1-0: Foul Ball, location: 2F
1-1: Ball
2-1: Called Strike
2-2: Ball
3-2: Strikes out swinging
Bottom of the 10th over - 0 run(s), 0 hit(s), 0 error(s), 0 left on base; Syracuse 3 - Put-In-Bay 1
This league is powered by Out of the Park Baseball, the baseball management simulation game for PC, Mac and Linux
Monday, October 3rd, 2016 - OOTP Baseball 16.9 Build 39